Hartford Whalers vs Los Angeles Kings

Created - Sunday, January 18, 2026 at 13:05

Goals
1 2 3 OT1 SO T
Hartford Whalers 0 1 0 0 1 2
Los Angeles Kings 0 0 1 0 0 1
Shots
1 2 3 OT1 SO T
Hartford Whalers 12 15 5 1 3 33
Los Angeles Kings 5 11 11 1 3 28

1st period

No Goal

Penalties :
Vitali Kravtsov (LAK) for Roughing (Minor) at 2:34, Matthew Boldy (LAK) for Hooking (Minor) at 16:39

2nd period

1. Hartford Whalers , Jordan Kyrou 3 (Jonathan Drouin 1, Joshua Norris 1) at 1:46

Penalties :
Jakub Zboril (LAK) for Roughing (Minor) at 8:10

3rd period

2. Los Angeles Kings , Andrei Kuzmenko 1 (Andrei Svechnikov 4, Adam Fantilli 2) at 5:36 (PP)

Penalties :
Simon Edvinsson (HFD) for Slashing (Minor) at 1:18, Joshua Norris (HFD) for Interference (Minor) at 5:29, MacKenzie Weegar (LAK) for Roughing (Minor) at 13:02

Overtime #1

No Goal

Penalties :
No Penalty

Shootout

Hartford Whalers, Tyler Seguin - Stopped by Victor Ostman
Los Angeles Kings, Seth Jarvis - Stopped by Samuel Montembeault
Hartford Whalers, Pierre-Luc Dubois - Stopped by Victor Ostman
Los Angeles Kings, Matthew Boldy - Shot Misses the Net
Hartford Whalers, Frank Nazar - Goal!
Los Angeles Kings, Logan Cooley - Stopped by Samuel Montembeault

Penalties :
No Penalty

Goalie Stats

Samuel Montembeault (HFD), 27 saves from 28 shots - (0.964), W, 2-2-0, 65:00 minutes
Victor Ostman (LAK), 32 saves from 33 shots - (0.970), OTL, 0-1-1, 65:00 minutes

Players Stats for Hartford Whalers

Player Name              G  A  P  +/- PIM S  H  SB GA TA FO     MP     PP MP  PK MP  
------------------------------------------------------------------------------------
Anthony Cirelli          0  0  0   0  0   2  1  1  0  0  6/10   16:36   0:00   1:08 
Braden Schneider         0  0  0   0  0   1  1  0  0  0  0/0    29:29   3:47   1:11 
Devon Toews              0  0  0   1  0   1  1  0  0  0  0/0    19:49   4:09   0:00 
Dylan Guenther           0  0  0   0  0   2  2  0  1  0  0/0    18:56   4:01   0:00 
Frank Nazar              0  0  0   0  0   1  0  0  0  0  0/0     9:19   0:00   1:08 
Jeff Petry               0  0  0   0  0   1  1  1  0  0  0/0    16:24   0:00   1:11 
Jonathan Drouin          0  1  1   0  0   3  0  0  0  0  0/1    14:07   0:00   0:00 
Jordan Kyrou             1  0  1   1  0   4  1  0  0  0  1/2    19:22   3:55   0:00 
Joshua Norris            0  1  1   0  2   4  2  1  0  0  2/3    15:51   0:00   0:58 
Kaiden Guhle             0  0  0   0  0   0  1  2  0  1  0/0    23:44   3:47   0:55 
Matthew Coronato         0  0  0   0  0   4  2  0  1  0  0/0     8:43   0:00   0:00 
Nick Suzuki              0  0  0   0  0   1  1  0  3  0  10/16  19:55   4:01   0:00 
Pierre-Luc Dubois        0  0  0   1  0   1  0  0  2  0  0/0    18:04   3:55   0:00 
Seth Jones               0  0  0   1  0   1  1  0  0  1  0/0    25:47   4:09   0:55 
Sidney Crosby            0  0  0   1  0   1  4  1  0  0  11/17  19:58   4:01   0:00 
Simon Edvinsson          0  0  0   0  2   1  1  2  0  1  0/0    15:12   0:00   0:00 
Tyler Seguin             0  0  0   0  0   3  0  0  0  1  1/5    12:28   3:55   0:00 
Tyson Foerster           0  0  0   0  0   2  1  0  0  1  0/0    14:08   0:00   0:58 

Players Stats for Los Angeles Kings

Player Name              G  A  P  +/- PIM S  H  SB GA TA FO     MP     PP MP  PK MP  
------------------------------------------------------------------------------------
Adam Fantilli            0  1  1   0  0   0  0  0  0  0  4/10   15:52   1:03   0:00 
Alexander Romanov        0  0  0   0  0   1  1  0  0  0  0/0    14:54   0:00   0:37 
Andrei Kuzmenko          1  0  1   0  0   4  1  0  0  2  0/0    16:48   1:03   0:46 
Andrei Svechnikov        0  1  1   0  0   3  2  2  1  0  0/0    22:09   1:03   3:29 
Charlie McAvoy           0  0  0  -1  0   0  0  2  0  0  0/0    22:14   1:15   3:42 
Cooper Marody            0  0  0  -1  0   0  0  0  0  0  0/0     6:23   0:00   0:00 
Jackson Blake            0  0  0   0  0   7  0  0  0  0  0/1    13:23   0:00   0:00 
Jakub Zboril             0  0  0   0  2   0  0  0  0  0  0/0    14:12   0:00   0:27 
Jansen Harkins           0  0  0   0  0   2  1  3  1  0  6/8    14:54   0:00   0:00 
Joseph Veleno            0  0  0  -1  0   1  1  0  0  1  4/7    10:35   0:00   1:18 
K'Andre Miller           0  0  0   0  0   0  0  3  0  0  0/0    29:05   0:51   4:14 
Logan Cooley             0  0  0   0  0   3  1  1  0  1  3/6    19:32   1:03   3:44 
MacKenzie Weegar         0  0  0   0  2   2  0  2  0  0  0/0    28:28   0:51   3:10 
Matthew Boldy            0  0  0   0  2   1  0  0  0  1  0/1    20:25   1:03   2:51 
Mikey Eyssimont          0  0  0   0  0   0  1  0  0  0  0/0     3:14   0:00   0:00 
Ryan Suter               0  0  0  -1  0   3  1  1  0  1  0/0    21:44   1:15   3:42 
Seth Jarvis              0  0  0  -1  0   1  0  1  3  1  6/21   24:41   1:03   3:44 
Vitali Kravtsov          0  0  0   0  2   0  0  0  0  0  0/0    13:27   0:00   0:00 

3 Stars

1 - Victor Ostman (LAK)
2 - Samuel Montembeault (HFD)
3 - Jordan Kyrou (HFD)

Power Play

Hartford Whalers - 0 on 4 Attempt(s) - 0.00%
Los Angeles Kings - 1 on 2 Attempt(s) - 50.00%

Penalty Kill

Hartford Whalers - 1 on 2 Attempt(s) - 50.00% - Score 0 goal in Penalty Kill
Los Angeles Kings - 4 on 4 Attempt(s) - 100.00% - Score 0 goal in Penalty Kill

Team Stat

Hartford Whalers - Hits : 20 - Faceoff Wins : 31 - Blocked Shots : 8 - Penalty Minutes : 4
Los Angeles Kings - Hits : 9 - Faceoff Wins : 23 - Blocked Shots : 15 - Penalty Minutes : 8

Official

Referees : Chris Lee and Garrett Rank
Linesman : James Tobias and Joseph Mahon

Game Notes

No Game Note

Finance

Level 1 -- Attendance: 5921 (98.68%) -- Ticket Income $532,890
Level 2 -- Attendance: 4674 (93.48%) -- Ticket Income $233,700
Level 3 -- Attendance: 3000 (100.00%) -- Ticket Income $90,000
Level 4 -- Attendance: 4698 (93.96%) -- Ticket Income $93,960
Luxury Box -- Attendance: 1000 (100.00%) -- Ticket Income $190,000
Game was played at the Staples Center.
Total Attendance: 19293 (96.47%)
Total Ticket Income: $1,140,550
Other Income: $399,192
Total Income: $1,539,742

Hartford Whalers

5 vs 5 Forward 
   Center                   Left Wing                Right Wing               Time % Phy DF OF 
 1 Nick Suzuki              Dylan Guenther           Tyson Foerster           30     0   2  3  
 2 Sidney Crosby            Pierre-Luc Dubois        Jordan Kyrou             30     0   2  3  
 3 Anthony Cirelli          Joshua Norris            Jonathan Drouin          25     0   2  3  
 4 Tyler Seguin             Matthew Coronato         Frank Nazar              15     0   3  2  

5 vs 5 Defense 
   Defense                  Defense                                           Time % Phy DF OF 
 1 Kaiden Guhle             Braden Schneider                                  30     1   3  1  
 2 Devon Toews              Seth Jones                                        30     1   3  1  
 3 Simon Edvinsson          Jeff Petry                                        25     1   3  1  
 4 Seth Jones               Braden Schneider                                  15     1   3  1  

PowerPlay Forward 
   Center                   Left Wing                Right Wing               Time % Phy DF OF 
 1 Sidney Crosby            Dylan Guenther           Nick Suzuki              50     0   1  4  
 2 Tyler Seguin             Pierre-Luc Dubois        Jordan Kyrou             50     0   1  4  

PowerPlay Defense
   Defense                  Defense                                           Time % Phy DF OF 
 1 Devon Toews              Seth Jones                                        50     1   1  3  
 2 Kaiden Guhle             Braden Schneider                                  50     1   1  3  

Penalty Kill 4 Players Forward 
   Center                   Wing                     Time % Phy DF OF 
 1 Joshua Norris            Tyson Foerster           50     0   4  1  
 2 Anthony Cirelli          Frank Nazar              50     0   4  1  

Penalty Kill 4 Players Defense
   Defense                  Defense                  Time % Phy DF OF 
 1 Kaiden Guhle             Seth Jones               50     1   4  0  
 2 Braden Schneider         Jeff Petry               50     1   4  0  

Penalty Kill - 3 Players Forward 
   Forward                                           Time % Phy DF OF 
 1 Joshua Norris                                     50     1   4  0  
 2 Anthony Cirelli                                   50     1   4  0  

Penalty Kill - 3 Players Defense
   Defense                  Defense                  Time % Phy DF OF 
 1 Seth Jones               Braden Schneider         50     1   4  0  
 2 Kaiden Guhle             Jeff Petry               50     1   4  0  

4 vs 4 Forward 
   Center                   Wing                     Time % Phy DF OF 
 1 Sidney Crosby            Nick Suzuki              50     0   2  3  
 2 Joshua Norris            Anthony Cirelli          50     0   2  3  

4 vs 4 Defense
   Defense                  Defense                  Time % Phy DF OF 
 1 Devon Toews              Seth Jones               50     0   3  2  
 2 Kaiden Guhle             Braden Schneider         50     0   3  2  

Last Minutes Offensive
   Center                   Left Wing                Right Wing               Defense                  Defense                  
   Sidney Crosby            Dylan Guenther           Nick Suzuki              Devon Toews              Seth Jones               

Last Minutes Defensive
   Center                   Left Wing                Right Wing               Defense                  Defense                  
   Joshua Norris            Tyson Foerster           Anthony Cirelli          Kaiden Guhle             Braden Schneider         

Goaltenders
Starting : Samuel Montembeault      
Backup : Lukas Dostal             

Extra Forwards
Normal : Dylan Guenther, Jordan Kyrou, Jonathan Drouin - PP : Dylan Guenther, Tyler Seguin - PK : Anthony Cirelli
Extra Defensemen
Normal : Braden Schneider, Kaiden Guhle, Seth Jones - PP : Devon Toews - PK : Kaiden Guhle, Braden Schneider
Penalty Shots
Tyler Seguin, Pierre-Luc Dubois, Frank Nazar, Sidney Crosby, Nick Suzuki

Scratches
Shakir Mukhamadullin (Healthy)

Los Angeles Kings

5 vs 5 Forward 
   Center                   Left Wing                Right Wing               Time % Phy DF OF 
 1 Seth Jarvis              Matthew Boldy            Logan Cooley             30     1   2  2  
 2 Adam Fantilli            Andrei Svechnikov        Andrei Kuzmenko          30     1   2  2  
 3 Jansen Harkins           Vitali Kravtsov          Jackson Blake            25     1   2  2  
 4 Joseph Veleno            Seth Jarvis              Cooper Marody            15     1   2  2  

5 vs 5 Defense 
   Defense                  Defense                                           Time % Phy DF OF 
 1 MacKenzie Weegar         K'Andre Miller                                    30     1   2  2  
 2 Charlie McAvoy           Ryan Suter                                        30     1   2  2  
 3 Alexander Romanov        Jakub Zboril                                      25     1   2  2  
 4 MacKenzie Weegar         K'Andre Miller                                    15     1   2  2  

PowerPlay Forward 
   Center                   Left Wing                Right Wing               Time % Phy DF OF 
 1 Seth Jarvis              Matthew Boldy            Logan Cooley             50     1   2  2  
 2 Adam Fantilli            Andrei Svechnikov        Andrei Kuzmenko          50     1   2  2  

PowerPlay Defense
   Defense                  Defense                                           Time % Phy DF OF 
 1 MacKenzie Weegar         K'Andre Miller                                    50     1   2  2  
 2 Charlie McAvoy           Ryan Suter                                        50     1   2  2  

Penalty Kill 4 Players Forward 
   Center                   Wing                     Time % Phy DF OF 
 1 Seth Jarvis              Matthew Boldy            50     1   2  2  
 2 Logan Cooley             Andrei Svechnikov        50     1   2  2  

Penalty Kill 4 Players Defense
   Defense                  Defense                  Time % Phy DF OF 
 1 MacKenzie Weegar         K'Andre Miller           50     1   2  2  
 2 Charlie McAvoy           Ryan Suter               50     1   2  2  

Penalty Kill - 3 Players Forward 
   Forward                                           Time % Phy DF OF 
 1 Seth Jarvis                                       50     1   2  2  
 2 Matthew Boldy                                     50     1   2  2  

Penalty Kill - 3 Players Defense
   Defense                  Defense                  Time % Phy DF OF 
 1 MacKenzie Weegar         K'Andre Miller           50     1   2  2  
 2 Charlie McAvoy           Ryan Suter               50     1   2  2  

4 vs 4 Forward 
   Center                   Wing                     Time % Phy DF OF 
 1 Seth Jarvis              Matthew Boldy            50     1   2  2  
 2 Logan Cooley             Andrei Svechnikov        50     1   2  2  

4 vs 4 Defense
   Defense                  Defense                  Time % Phy DF OF 
 1 MacKenzie Weegar         K'Andre Miller           50     1   2  2  
 2 Charlie McAvoy           Ryan Suter               50     1   2  2  

Last Minutes Offensive
   Center                   Left Wing                Right Wing               Defense                  Defense                  
   Seth Jarvis              Matthew Boldy            Logan Cooley             MacKenzie Weegar         K'Andre Miller           

Last Minutes Defensive
   Center                   Left Wing                Right Wing               Defense                  Defense                  
   Seth Jarvis              Matthew Boldy            Logan Cooley             MacKenzie Weegar         K'Andre Miller           

Goaltenders
Starting : Victor Ostman            
Backup : Andrei Vasilevskiy       

Extra Forwards
Normal : Mikey Eyssimont, Jansen Harkins, Joseph Veleno - PP : Mikey Eyssimont, Jansen Harkins - PK : Joseph Veleno
Extra Defensemen
Normal : Alexander Romanov, Jakub Zboril, Charlie McAvoy - PP : Alexander Romanov - PK : Jakub Zboril, Charlie McAvoy
Penalty Shots
Seth Jarvis, Matthew Boldy, Logan Cooley, Andrei Svechnikov, Adam Fantilli

Scratches
Evander Kane (Healthy), Drew Helleson (Healthy), Carl Lindbom (Healthy)

% Time on Ice - Hartford Whalers

Lines # - Real PCT - Wanted PCT - Time Play
Normal Forward
1 - 27% - 30% - 13:31
2 - 33% - 30% - 16:22
3 - 25% - 25% - 12:38
4 - 15% - 15% - 7:27
Normal Defense
1 - 29% - 30% - 14:33
2 - 33% - 30% - 16:29
3 - 27% - 25% - 13:38
4 - 11% - 15% - 5:18
PP Forward
1 - 51% - 50% - 4:01
2 - 49% - 50% - 3:55
PP Defense
1 - 52% - 50% - 4:09
2 - 48% - 50% - 3:47
PK Forward
1 - 46% - 50% - 0:58
2 - 54% - 50% - 1:08
PK Defense
1 - 44% - 50% - 0:55
2 - 56% - 50% - 1:11
PK3 Forward
1 - 0% - 50%
2 - 0% - 50%
PK3 Defense
1 - 0% - 50%
2 - 0% - 50%
44 Forward
1 - 56% - 50% - 2:49
2 - 44% - 50% - 2:11
44 Defense
1 - 56% - 50% - 2:47
2 - 44% - 50% - 2:13
Last Minute Offensive  - 0:00
Last Minute Defensive  - 0:00
Total
Forward - 65:00
Defense - 65:00

% Time on Ice - Los Angeles Kings

Lines # - Real PCT - Wanted PCT - Time Play
Normal Forward
1 - 26% - 30% - 12:52
2 - 35% - 30% - 17:20
3 - 27% - 25% - 13:23
4 - 13% - 15% - 6:23
Normal Defense
1 - 33% - 30% - 16:25
2 - 31% - 30% - 15:37
3 - 23% - 25% - 11:44
4 - 12% - 15% - 6:12
PP Forward
1 - 50% - 50% - 1:03
2 - 50% - 50% - 1:03
PP Defense
1 - 40% - 50% - 0:51
2 - 60% - 50% - 1:15
PK Forward
1 - 53% - 50% - 4:12
2 - 47% - 50% - 3:44
PK Defense
1 - 53% - 50% - 4:14
2 - 47% - 50% - 3:42
PK3 Forward
1 - 0% - 50%
2 - 0% - 50%
PK3 Defense
1 - 0% - 50%
2 - 0% - 50%
44 Forward
1 - 49% - 50% - 2:28
2 - 51% - 50% - 2:32
44 Defense
1 - 57% - 50% - 2:51
2 - 43% - 50% - 2:09
Last Minute Offensive  - 0:00
Last Minute Defensive  - 0:00
Total
Forward - 65:00
Defense - 65:00

Play-by-Play

1st period


0:01 of 1st period - Seth Jarvis wins face-off versus Nick Suzuki in neutral zone.
0:26 of 1st period - MacKenzie Weegar is hit by Jordan Kyrou and loses puck.
0:37 of 1st period - Wrist shot by Sidney Crosby.
0:37 of 1st period - Shot Blocked by K'Andre Miller.
0:49 of 1st period - Snap shot by Jansen Harkins.
0:49 of 1st period - Stopped by Samuel Montembeault with a rebound.
0:51 of 1st period - Snap shot by MacKenzie Weegar.
0:51 of 1st period - Stopped by Samuel Montembeault without a rebound.
0:52 of 1st period - Jansen Harkins wins face-off versus Tyler Seguin in Hartford Whalers zone.
1:16 of 1st period - Icing by Seth Jarvis.
1:17 of 1st period - Joseph Veleno wins face-off versus Anthony Cirelli in Los Angeles Kings zone.
1:24 of 1st period - Wrist shot by Seth Jarvis.
1:24 of 1st period - Shot Misses the Net.
2:03 of 1st period - Off-side.
2:04 of 1st period - Jansen Harkins wins face-off versus Nick Suzuki in neutral zone.
2:07 of 1st period - Slapshot by Jackson Blake.
2:07 of 1st period - Deflect By Jeff Petry.
2:07 of 1st period - Stopped by Samuel Montembeault with a rebound.
2:29 of 1st period - Slapshot by Dylan Guenther.
2:29 of 1st period - Shot Blocked by Jansen Harkins.
2:34 of 1st period - Minor Penalty to Vitali Kravtsov for Roughing.
2:35 of 1st period - Jordan Kyrou wins face-off versus Seth Jarvis in Los Angeles Kings zone.
3:25 of 1st period - Kaiden Guhle is hit by Ryan Suter and loses puck.
4:34 of 1st period - Penalty to Vitali Kravtsov is over, Vitali Kravtsov is back on ice.
4:53 of 1st period - Snap shot by Jackson Blake.
4:53 of 1st period - Stopped by Samuel Montembeault with a rebound.
5:03 of 1st period - Anthony Cirelli is hit by Joseph Veleno and loses puck.
5:14 of 1st period - Snap shot by Joshua Norris.
5:14 of 1st period - Stopped by Victor Ostman with a rebound.
5:26 of 1st period - Wrist shot by Anthony Cirelli.
5:26 of 1st period - Stopped by Victor Ostman without a rebound.
5:27 of 1st period - Logan Cooley wins face-off versus Tyler Seguin in Los Angeles Kings zone.
5:55 of 1st period - Off-side.
5:56 of 1st period - Sidney Crosby wins face-off versus Jansen Harkins in neutral zone.
6:03 of 1st period - Wrist shot by Sidney Crosby.
6:03 of 1st period - Shot Misses the Net.
6:05 of 1st period - Snap shot by Pierre-Luc Dubois.
6:05 of 1st period - Shot Misses the Net.
6:15 of 1st period - Wrist shot by Jordan Kyrou.
6:15 of 1st period - Shot Misses the Net.
6:25 of 1st period - Wrist shot by Jordan Kyrou.
6:25 of 1st period - Stopped by Victor Ostman with a rebound.
6:29 of 1st period - Slapshot by Sidney Crosby.
6:29 of 1st period - Stopped by Victor Ostman without a rebound.
6:30 of 1st period - Seth Jarvis wins face-off versus Nick Suzuki in Los Angeles Kings zone.
8:49 of 1st period - Wrist shot by Matthew Coronato.
8:49 of 1st period - Shot Blocked by K'Andre Miller.
8:51 of 1st period - Snap shot by Matthew Coronato.
8:51 of 1st period - Stopped by Victor Ostman without a rebound.
8:52 of 1st period - Adam Fantilli wins face-off versus Tyler Seguin in Los Angeles Kings zone.
9:32 of 1st period - Snap shot by Matthew Coronato.
9:32 of 1st period - Stopped by Victor Ostman without a rebound.
9:33 of 1st period - Nick Suzuki wins face-off versus Seth Jarvis in Los Angeles Kings zone.
10:00 of 1st period - Jordan Kyrou is hit by Andrei Svechnikov and loses puck.
10:05 of 1st period - Snap shot by Andrei Kuzmenko.
10:05 of 1st period - Stopped by Samuel Montembeault without a rebound.
10:06 of 1st period - Adam Fantilli wins face-off versus Sidney Crosby in Hartford Whalers zone.
10:40 of 1st period - Slapshot by Jonathan Drouin.
10:40 of 1st period - Shot Misses the Net.
11:24 of 1st period - Slapshot by Frank Nazar.
11:24 of 1st period - Shot Blocked by Charlie McAvoy.
11:26 of 1st period - Slapshot by Braden Schneider.
11:26 of 1st period - Deflect By Matthew Coronato.
11:26 of 1st period - Stopped by Victor Ostman with a rebound.
11:43 of 1st period - Snap shot by Seth Jarvis.
11:43 of 1st period - Shot Misses the Net.
11:45 of 1st period - Slapshot by Seth Jarvis.
11:45 of 1st period - Shot Misses the Net.
11:59 of 1st period - Slapshot by Joshua Norris.
11:59 of 1st period - Stopped by Victor Ostman without a rebound.
12:00 of 1st period - Anthony Cirelli wins face-off versus Adam Fantilli in Los Angeles Kings zone.
12:52 of 1st period - Backhand shot by Anthony Cirelli.
12:52 of 1st period - Shot Blocked by Andrei Svechnikov.
13:02 of 1st period - Snap shot by Anthony Cirelli.
13:02 of 1st period - Shot Misses the Net.
13:04 of 1st period - Slapshot by Anthony Cirelli.
13:04 of 1st period - Shot Blocked by Andrei Svechnikov.
13:06 of 1st period - Slapshot by Jeff Petry.
13:06 of 1st period - Shot Hit the Post.
13:14 of 1st period - Wrist shot by Joshua Norris.
13:14 of 1st period - Stopped by Victor Ostman without a rebound.
13:15 of 1st period - Seth Jarvis wins face-off versus Nick Suzuki in Los Angeles Kings zone.
13:48 of 1st period - Snap shot by Sidney Crosby.
13:48 of 1st period - Shot Misses the Net.
14:58 of 1st period - Dylan Guenther is hit by Alexander Romanov.
15:16 of 1st period - Wrist shot by Jonathan Drouin.
15:16 of 1st period - Stopped by Victor Ostman without a rebound.
15:17 of 1st period - Anthony Cirelli wins face-off versus Seth Jarvis in Los Angeles Kings zone.
15:30 of 1st period - Backhand shot by Jonathan Drouin.
15:30 of 1st period - Stopped by Victor Ostman without a rebound.
15:31 of 1st period - Adam Fantilli wins face-off versus Nick Suzuki in Los Angeles Kings zone.
15:31 of 1st period - Adam Fantilli is hit by Tyson Foerster.
16:39 of 1st period - Minor Penalty to Matthew Boldy for Hooking.
16:40 of 1st period - Logan Cooley wins face-off versus Sidney Crosby in Los Angeles Kings zone.
16:53 of 1st period - Wrist shot by Nick Suzuki.
16:53 of 1st period - Shot Misses the Net.
16:55 of 1st period - Slapshot by Nick Suzuki.
16:55 of 1st period - Shot Misses the Net.
16:57 of 1st period - Snap shot by Dylan Guenther.
16:57 of 1st period - Stopped by Victor Ostman with a rebound.
17:41 of 1st period - MacKenzie Weegar is hit by Seth Jones and loses puck.
18:39 of 1st period - Penalty to Matthew Boldy is over, Matthew Boldy is back on ice.
Goals for this period are 0 for Hartford Whalers vs 0 for Los Angeles Kings.
Shots for this period are 12 for Hartford Whalers vs 5 for Los Angeles Kings.

2nd period


0:01 of 2nd period - Nick Suzuki wins face-off versus Seth Jarvis in neutral zone.
0:06 of 2nd period - Ryan Suter is hit by Dylan Guenther and loses puck.
0:34 of 2nd period - Snap shot by Jackson Blake.
0:34 of 2nd period - Shot Misses the Net.
1:22 of 2nd period - Wrist shot by Dylan Guenther.
1:22 of 2nd period - Shot Blocked by MacKenzie Weegar.
1:24 of 2nd period - Wrist shot by Nick Suzuki.
1:24 of 2nd period - Shot Misses the Net.
1:26 of 2nd period - Snap shot by Seth Jones.
1:26 of 2nd period - Shot Misses the Net.
1:28 of 2nd period - Snap shot by Tyson Foerster.
1:28 of 2nd period - Shot Blocked by MacKenzie Weegar.
1:44 of 2nd period - Snap shot by Jordan Kyrou.
1:44 of 2nd period - Stopped by Victor Ostman with a rebound.
1:46 of 2nd period - Snap shot by Jordan Kyrou.
1:46 of 2nd period - Goal by Jordan Kyrou - Hartford Whalers : 1 - Los Angeles Kings : 0.
1:47 of 2nd period - Nick Suzuki wins face-off versus Seth Jarvis in neutral zone.
2:00 of 2nd period - Wrist shot by Nick Suzuki.
2:00 of 2nd period - Shot Blocked by Logan Cooley.
2:14 of 2nd period - Wrist shot by Jackson Blake.
2:14 of 2nd period - Stopped by Samuel Montembeault without a rebound.
2:15 of 2nd period - Jansen Harkins wins face-off versus Jordan Kyrou in Hartford Whalers zone.
2:30 of 2nd period - Wrist shot by Pierre-Luc Dubois.
2:30 of 2nd period - Shot Misses the Net.
2:42 of 2nd period - Wrist shot by Logan Cooley.
2:42 of 2nd period - Stopped by Samuel Montembeault without a rebound.
2:43 of 2nd period - Nick Suzuki wins face-off versus Seth Jarvis in Hartford Whalers zone.
2:47 of 2nd period - Off-side.
2:48 of 2nd period - Sidney Crosby wins face-off versus Seth Jarvis in neutral zone.
3:53 of 2nd period - Icing by K'Andre Miller.
3:54 of 2nd period - Nick Suzuki wins face-off versus Adam Fantilli in Los Angeles Kings zone.
4:11 of 2nd period - Slapshot by Dylan Guenther.
4:11 of 2nd period - Shot Misses the Net.
4:40 of 2nd period - Icing by Andrei Kuzmenko.
4:41 of 2nd period - Anthony Cirelli wins face-off versus Seth Jarvis in Los Angeles Kings zone.
4:50 of 2nd period - Slapshot by Joshua Norris.
4:50 of 2nd period - Shot Blocked by Seth Jarvis.
5:13 of 2nd period - Off-side.
5:14 of 2nd period - Nick Suzuki wins face-off versus Jackson Blake in neutral zone.
5:19 of 2nd period - Snap shot by Dylan Guenther.
5:19 of 2nd period - Shot Blocked by Jansen Harkins.
5:21 of 2nd period - Wrist shot by Jeff Petry.
5:21 of 2nd period - Stopped by Victor Ostman with a rebound.
5:23 of 2nd period - Slapshot by Simon Edvinsson.
5:23 of 2nd period - Deflect By Jackson Blake.
5:23 of 2nd period - Stopped by Victor Ostman with a rebound.
5:27 of 2nd period - Snap shot by Dylan Guenther.
5:27 of 2nd period - Shot Misses the Net.
5:29 of 2nd period - Snap shot by Nick Suzuki.
5:29 of 2nd period - Shot Misses the Net.
5:31 of 2nd period - Slapshot by Nick Suzuki.
5:31 of 2nd period - Shot Misses the Net.
5:33 of 2nd period - Wrist shot by Tyson Foerster.
5:33 of 2nd period - Stopped by Victor Ostman without a rebound.
5:34 of 2nd period - Joseph Veleno wins face-off versus Sidney Crosby in Los Angeles Kings zone.
5:45 of 2nd period - Slapshot by Joseph Veleno.
5:45 of 2nd period - Stopped by Samuel Montembeault without a rebound.
5:46 of 2nd period - Seth Jarvis wins face-off versus Sidney Crosby in Hartford Whalers zone.
5:47 of 2nd period - Wrist shot by Logan Cooley.
5:47 of 2nd period - Stopped by Samuel Montembeault with a rebound.
6:26 of 2nd period - Tyson Foerster is hit by Andrei Kuzmenko and loses puck.
6:37 of 2nd period - Alexander Romanov is hit by Jeff Petry and loses puck.
6:44 of 2nd period - Backhand shot by Tyler Seguin.
6:44 of 2nd period - Stopped by Victor Ostman with a rebound.
6:46 of 2nd period - Snap shot by Seth Jones.
6:46 of 2nd period - Shot Blocked by Jansen Harkins.
6:48 of 2nd period - Wrist shot by Devon Toews.
6:48 of 2nd period - Deflect By Tyler Seguin.
6:48 of 2nd period - Stopped by Victor Ostman with a rebound.
6:50 of 2nd period - Slapshot by Devon Toews.
6:50 of 2nd period - Stopped by Victor Ostman without a rebound.
6:51 of 2nd period - Sidney Crosby wins face-off versus Joseph Veleno in Los Angeles Kings zone.
7:42 of 2nd period - Slapshot by Joshua Norris.
7:42 of 2nd period - Shot Blocked by Charlie McAvoy.
7:44 of 2nd period - Slapshot by Seth Jones.
7:44 of 2nd period - Stopped by Victor Ostman with a rebound.
7:46 of 2nd period - Snap shot by Braden Schneider.
7:46 of 2nd period - Stopped by Victor Ostman without a rebound.
7:47 of 2nd period - Sidney Crosby wins face-off versus Seth Jarvis in Los Angeles Kings zone.
7:54 of 2nd period - Logan Cooley is hit by Simon Edvinsson.
8:10 of 2nd period - Minor Penalty to Jakub Zboril for Roughing.
8:11 of 2nd period - Sidney Crosby wins face-off versus Logan Cooley in Los Angeles Kings zone.
10:10 of 2nd period - Penalty to Jakub Zboril is over, Jakub Zboril is back on ice.
10:21 of 2nd period - Slapshot by Matthew Boldy.
10:21 of 2nd period - Stopped by Samuel Montembeault with a rebound.
10:23 of 2nd period - Slapshot by Ryan Suter.
10:23 of 2nd period - Stopped by Samuel Montembeault without a rebound.
10:24 of 2nd period - Jansen Harkins wins face-off versus Anthony Cirelli in Hartford Whalers zone.
10:27 of 2nd period - Slapshot by Jansen Harkins.
10:27 of 2nd period - Shot Misses the Net.
10:29 of 2nd period - Slapshot by Jackson Blake.
10:29 of 2nd period - Shot Blocked by Joshua Norris.
10:31 of 2nd period - Snap shot by Jackson Blake.
10:31 of 2nd period - Stopped by Samuel Montembeault with a rebound.
10:33 of 2nd period - Snap shot by Jackson Blake.
10:33 of 2nd period - Stopped by Samuel Montembeault with a rebound.
10:35 of 2nd period - Wrist shot by Jansen Harkins.
10:35 of 2nd period - Shot Misses the Net.
10:37 of 2nd period - Wrist shot by Jansen Harkins.
10:37 of 2nd period - Shot Blocked by Kaiden Guhle.
11:41 of 2nd period - Slapshot by Adam Fantilli.
11:41 of 2nd period - Shot Blocked by Simon Edvinsson.
11:53 of 2nd period - K'Andre Miller is hit by Matthew Coronato and loses puck.
12:56 of 2nd period - Jeff Petry is hit by Logan Cooley and loses puck.
13:08 of 2nd period - Off-side.
13:09 of 2nd period - Tyler Seguin wins face-off versus Adam Fantilli in neutral zone.
13:22 of 2nd period - Wrist shot by Matthew Coronato.
13:22 of 2nd period - Shot Blocked by K'Andre Miller.
13:38 of 2nd period - Backhand shot by Jackson Blake.
13:38 of 2nd period - Shot Misses the Net.
13:54 of 2nd period - Snap shot by MacKenzie Weegar.
13:54 of 2nd period - Stopped by Samuel Montembeault without a rebound.
13:55 of 2nd period - Sidney Crosby wins face-off versus Logan Cooley in Hartford Whalers zone.
14:08 of 2nd period - Snap shot by Seth Jarvis.
14:08 of 2nd period - Shot Misses the Net.
14:10 of 2nd period - Slapshot by Ryan Suter.
14:10 of 2nd period - Stopped by Samuel Montembeault with a rebound.
14:12 of 2nd period - Wrist shot by Ryan Suter.
14:12 of 2nd period - Stopped by Samuel Montembeault with a rebound.
14:27 of 2nd period - Wrist shot by Adam Fantilli.
14:27 of 2nd period - Deflect By Seth Jones.
14:27 of 2nd period - Shot Misses the Net.
14:27 of 2nd period - Puck is out of play.
14:28 of 2nd period - Nick Suzuki wins face-off versus Joseph Veleno in Hartford Whalers zone.
15:03 of 2nd period - Backhand shot by Andrei Svechnikov.
15:03 of 2nd period - Shot Misses the Net.
15:23 of 2nd period - Snap shot by Anthony Cirelli.
15:23 of 2nd period - Deflect By Joshua Norris.
15:23 of 2nd period - Stopped by Victor Ostman without a rebound.
15:24 of 2nd period - Nick Suzuki wins face-off versus Seth Jarvis in Los Angeles Kings zone.
15:27 of 2nd period - Wrist shot by Nick Suzuki.
15:27 of 2nd period - Stopped by Victor Ostman without a rebound.
15:28 of 2nd period - Nick Suzuki wins face-off versus Seth Jarvis in Los Angeles Kings zone.
16:01 of 2nd period - Wrist shot by Adam Fantilli.
16:01 of 2nd period - Shot Blocked by Sidney Crosby.
16:40 of 2nd period - Wrist shot by Nick Suzuki.
16:40 of 2nd period - Shot Misses the Net.
16:42 of 2nd period - Wrist shot by Dylan Guenther.
16:42 of 2nd period - Shot Blocked by Ryan Suter.
16:44 of 2nd period - Snap shot by Dylan Guenther.
16:44 of 2nd period - Deflect By Charlie McAvoy.
16:44 of 2nd period - Stopped by Victor Ostman with a rebound.
16:46 of 2nd period - Snap shot by Tyson Foerster.
16:46 of 2nd period - Stopped by Victor Ostman with a rebound.
16:48 of 2nd period - Slapshot by Tyson Foerster.
16:48 of 2nd period - Shot Misses the Net.
17:34 of 2nd period - Snap shot by Matthew Coronato.
17:34 of 2nd period - Stopped by Victor Ostman with a rebound.
19:19 of 2nd period - Logan Cooley is hit by Anthony Cirelli and loses puck.
19:37 of 2nd period - Andrei Svechnikov is hit by Sidney Crosby and loses puck.
Goals for this period are 1 for Hartford Whalers vs 0 for Los Angeles Kings.
Shots for this period are 15 for Hartford Whalers vs 11 for Los Angeles Kings.

3rd period


0:01 of 3rd period - Sidney Crosby wins face-off versus Matthew Boldy in neutral zone.
1:09 of 3rd period - Ryan Suter is hit by Matthew Coronato and loses puck.
1:16 of 3rd period - Wrist shot by Seth Jarvis.
1:16 of 3rd period - Shot Blocked by Simon Edvinsson.
1:18 of 3rd period - Minor Penalty to Simon Edvinsson for Slashing.
1:19 of 3rd period - Seth Jarvis wins face-off versus Joshua Norris in Hartford Whalers zone.
1:20 of 3rd period - Snap shot by Logan Cooley.
1:20 of 3rd period - Stopped by Samuel Montembeault with a rebound.
1:38 of 3rd period - Snap shot by Frank Nazar.
1:38 of 3rd period - Stopped by Victor Ostman with a rebound.
3:03 of 3rd period - Icing by Logan Cooley.
3:04 of 3rd period - Joshua Norris wins face-off versus Adam Fantilli in Los Angeles Kings zone.
3:18 of 3rd period - Penalty to Simon Edvinsson is over, Simon Edvinsson is back on ice.
3:37 of 3rd period - Wrist shot by Jackson Blake.
3:37 of 3rd period - Stopped by Samuel Montembeault with a rebound.
4:11 of 3rd period - Snap shot by Tyler Seguin.
4:11 of 3rd period - Stopped by Victor Ostman with a rebound.
5:29 of 3rd period - Minor Penalty to Joshua Norris for Interference.
5:30 of 3rd period - Adam Fantilli wins face-off versus Anthony Cirelli in Hartford Whalers zone.
5:32 of 3rd period - Snap shot by Andrei Kuzmenko.
5:32 of 3rd period - Stopped by Samuel Montembeault with a rebound.
5:34 of 3rd period - Slapshot by Andrei Svechnikov.
5:34 of 3rd period - Stopped by Samuel Montembeault with a rebound.
5:36 of 3rd period - Wrist shot by Andrei Kuzmenko.
5:36 of 3rd period - Goal by Andrei Kuzmenko - Hartford Whalers : 1 - Los Angeles Kings : 1.
5:37 of 3rd period - Sidney Crosby wins face-off versus Seth Jarvis in neutral zone.
5:55 of 3rd period - Seth Jarvis is hit by Sidney Crosby and loses puck.
6:08 of 3rd period - Snap shot by Andrei Svechnikov.
6:08 of 3rd period - Stopped by Samuel Montembeault with a rebound.
6:10 of 3rd period - Slapshot by K'Andre Miller.
6:10 of 3rd period - Shot Blocked by Kaiden Guhle.
6:14 of 3rd period - Wrist shot by Andrei Svechnikov.
6:14 of 3rd period - Stopped by Samuel Montembeault without a rebound.
6:15 of 3rd period - Jansen Harkins wins face-off versus Anthony Cirelli in Hartford Whalers zone.
6:49 of 3rd period - Logan Cooley is hit by Sidney Crosby and loses puck.
7:02 of 3rd period - MacKenzie Weegar is hit by Nick Suzuki.
8:00 of 3rd period - Icing by Anthony Cirelli.
8:01 of 3rd period - Anthony Cirelli wins face-off versus Adam Fantilli in Hartford Whalers zone.
8:35 of 3rd period - Slapshot by Seth Jones.
8:35 of 3rd period - Shot Misses the Net.
8:37 of 3rd period - Snap shot by Joshua Norris.
8:37 of 3rd period - Shot Misses the Net.
8:43 of 3rd period - Snap shot by Jonathan Drouin.
8:43 of 3rd period - Deflect By Anthony Cirelli.
8:43 of 3rd period - Stopped by Victor Ostman without a rebound.
8:44 of 3rd period - Sidney Crosby wins face-off versus Seth Jarvis in Los Angeles Kings zone.
8:45 of 3rd period - Wrist shot by Pierre-Luc Dubois.
8:45 of 3rd period - Stopped by Victor Ostman without a rebound.
8:46 of 3rd period - Sidney Crosby wins face-off versus Seth Jarvis in Los Angeles Kings zone.
9:12 of 3rd period - Off-side.
9:13 of 3rd period - Nick Suzuki wins face-off versus Jansen Harkins in neutral zone.
10:58 of 3rd period - Logan Cooley is hit by Joshua Norris and loses puck.
11:05 of 3rd period - Slapshot by Jonathan Drouin.
11:05 of 3rd period - Shot Misses the Net.
11:58 of 3rd period - Icing by Joshua Norris.
11:59 of 3rd period - Anthony Cirelli wins face-off versus Joseph Veleno in Hartford Whalers zone.
12:08 of 3rd period - Cooper Marody is hit by Devon Toews and loses puck.
12:31 of 3rd period - Slapshot by Andrei Kuzmenko.
12:31 of 3rd period - Stopped by Samuel Montembeault without a rebound.
12:32 of 3rd period - Anthony Cirelli wins face-off versus Adam Fantilli in Hartford Whalers zone.
12:47 of 3rd period - Wrist shot by Jonathan Drouin.
12:47 of 3rd period - Stopped by Victor Ostman without a rebound.
12:48 of 3rd period - Sidney Crosby wins face-off versus Seth Jarvis in Los Angeles Kings zone.
13:02 of 3rd period - Minor Penalty to MacKenzie Weegar for Roughing.
13:03 of 3rd period - Logan Cooley wins face-off versus Sidney Crosby in Los Angeles Kings zone.
15:02 of 3rd period - Penalty to MacKenzie Weegar is over, MacKenzie Weegar is back on ice.
16:33 of 3rd period - Seth Jones is hit by Mikey Eyssimont and loses puck.
17:59 of 3rd period - Slapshot by Joshua Norris.
17:59 of 3rd period - Shot Misses the Net.
18:42 of 3rd period - Icing by Adam Fantilli.
18:43 of 3rd period - Joseph Veleno wins face-off versus Nick Suzuki in Los Angeles Kings zone.
19:10 of 3rd period - Seth Jones is hit by Jansen Harkins and loses puck.
19:15 of 3rd period - Wrist shot by Jackson Blake.
19:15 of 3rd period - Stopped by Samuel Montembeault with a rebound.
19:17 of 3rd period - Slapshot by Jansen Harkins.
19:17 of 3rd period - Stopped by Samuel Montembeault without a rebound.
19:18 of 3rd period - Joseph Veleno wins face-off versus Jonathan Drouin in Hartford Whalers zone.
19:27 of 3rd period - Wrist shot by Seth Jarvis.
19:27 of 3rd period - Shot Misses the Net.
19:29 of 3rd period - Snap shot by Seth Jarvis.
19:29 of 3rd period - Shot Blocked by Anthony Cirelli.
19:31 of 3rd period - Wrist shot by Joseph Veleno.
19:31 of 3rd period - Shot Blocked by Jeff Petry.
19:33 of 3rd period - Snap shot by Alexander Romanov.
19:33 of 3rd period - Stopped by Samuel Montembeault without a rebound.
19:34 of 3rd period - Jansen Harkins wins face-off versus Tyler Seguin in Hartford Whalers zone.
19:43 of 3rd period - Jansen Harkins is hit by Braden Schneider and loses puck.
Goals for this period are 0 for Hartford Whalers vs 1 for Los Angeles Kings.
Shots for this period are 5 for Hartford Whalers vs 11 for Los Angeles Kings.

Overtime #1


0:01 of 1st overtime period - Seth Jarvis wins face-off versus Sidney Crosby in neutral zone.
0:06 of 1st overtime period - Wrist shot by Matthew Boldy.
0:06 of 1st overtime period - Shot Misses the Net.
0:14 of 1st overtime period - Wrist shot by Seth Jarvis.
0:14 of 1st overtime period - Stopped by Samuel Montembeault without a rebound.
0:15 of 1st overtime period - Joshua Norris wins face-off versus Logan Cooley in Hartford Whalers zone.
0:22 of 1st overtime period - Charlie McAvoy is hit by Joshua Norris and loses puck.
0:29 of 1st overtime period - Joshua Norris is hit by Andrei Svechnikov and loses puck.
2:16 of 1st overtime period - Wrist shot by Jordan Kyrou.
2:16 of 1st overtime period - Stopped by Victor Ostman with a rebound.
2:33 of 1st overtime period - Andrei Svechnikov is hit by Sidney Crosby and loses puck.
3:14 of 1st overtime period - Alexander Romanov is hit by Dylan Guenther and loses puck.
4:47 of 1st overtime period - MacKenzie Weegar is hit by Kaiden Guhle and loses puck.
Goals for this period are 0 for Hartford Whalers vs 0 for Los Angeles Kings.
Shots for this period are 1 for Hartford Whalers vs 1 for Los Angeles Kings.

ShootOut


5:00 of 1st overtime period - Round #1.
5:00 of 1st overtime period - Hartford Whalers, Tyler Seguin.
5:00 of 1st overtime period - Deke by Tyler Seguin.
5:00 of 1st overtime period - Stopped by Victor Ostman.
5:00 of 1st overtime period - Los Angeles Kings, Seth Jarvis.
5:00 of 1st overtime period - Wrist shot by Seth Jarvis.
5:00 of 1st overtime period - Stopped by Samuel Montembeault.
5:00 of 1st overtime period - Round #2.
5:00 of 1st overtime period - Hartford Whalers, Pierre-Luc Dubois.
5:00 of 1st overtime period - Snap shot by Pierre-Luc Dubois.
5:00 of 1st overtime period - Stopped by Victor Ostman.
5:00 of 1st overtime period - Los Angeles Kings, Matthew Boldy.
5:00 of 1st overtime period - Deke by Matthew Boldy.
5:00 of 1st overtime period - Shot Misses the Net.
5:00 of 1st overtime period - Round #3.
5:00 of 1st overtime period - Hartford Whalers, Frank Nazar.
5:00 of 1st overtime period - Snap shot by Frank Nazar.
5:00 of 1st overtime period - Goal by Frank Nazar.
5:00 of 1st overtime period - Los Angeles Kings, Logan Cooley.
5:00 of 1st overtime period - Deke by Logan Cooley.
5:00 of 1st overtime period - Stopped by Samuel Montembeault.